 Dungeon Crawl Stone Soup version 0.29.1-12-g30fa7ad0bf (webtiles) character file.

Game seed: 15493569440468634746

444 IcyTea the Stinger (level 7, -5/50 HPs)
             Began as a Formicid Venom Mage on Dec 25, 2022.
             Was an Initiate of Wu Jian.
             Slain by a wolf (8 damage)
             ... led by Grum
             ... on level 7 of the Dungeon.
             The game lasted 00:16:02 (6222 turns).

IcyTea the Stinger (Formicid Venom Mage)            Turns: 6222, Time: 00:16:02

Health: -5/50      AC:  3    Str: 13    XL:     7   Next: 23%
Magic:  7/11       EV: 11    Int: 16    God:    Wu Jian [......]
Gold:   206        SH:  9    Dex: 14    Spells: 4/12 levels left

rFire   . . .      SeeInvis +   a - +0 scimitar
rCold   . . .      Faith    .   i - +1 kite shield
rNeg    . . .      Spirit   .   s - +0 robe
rPois   +          Reflect  .   (helmet unavailable)
rElec   .          Harm     .   (no cloak)
rCorr   .          Rampage  .   m - +0 pair of gloves
Will    .....                   (no boots)
Stlth   ++........              (no amulet)
HPRegen 0.16/turn               q - ring of poison resistance
MPRegen 0.12/turn               (no ring)

@: no status effects
A: permanent stasis, dig shafts and tunnels, antennae 3, four strong arms
a: Dig, Shaft Self, Renounce Religion


You were on level 7 of the Dungeon.
You worshipped Wu Jian.
Wu Jian was noncommittal.
You visited 2 branches of the dungeon, and saw 9 of its levels.

You collected 206 gold pieces.

Inventory:

Hand Weapons
 a - a +0 scimitar (weapon)
Missiles
 l - 8 poisoned darts
 u - 5 atropa-tipped darts
Armour
 d - a +0 scale mail
 i - a +1 kite shield (worn)
 m - a +0 pair of gloves (worn)
 s - a +0 robe (worn)
Jewellery
 q - a ring of poison resistance (left hand)
Scrolls
 e - 2 scrolls of fog
 t - a scroll of amnesia
 v - a scroll of poison
Potions
 b - a potion of magic
 c - 3 potions of curing
 f - a potion of haste
 g - 2 potions of heal wounds {unknown}
 h - a potion of might {unknown}
 j - a potion of berserk rage {unknown}
 k - a potion of flight {unknown}
 n - a potion of mutation {unknown}
 o - 2 potions of lignification {unknown}
 r - a potion of brilliance {unknown}
Miscellaneous
 p - a tin of tremorstones (2/2)


   Skills:
 + Level 2.3 Fighting
 + Level 2.0 Long Blades
 + Level 2.5 Armour
 - Level 2.0 Dodging
 + Level 3.9 Stealth
 + Level 2.9 Shields
 + Level 3.2 Spellcasting
 + Level 1.8 Conjurations
 + Level 1.1 Transmutations
 + Level 5.2 Poison Magic


You had 4 spell levels left.
You knew the following spells:

 Your Spells              Type           Power      Damage    Failure   Level
a - Sting                 Tmut/Pois      48%        1d5       12%         1
b - Mephitic Cloud        Conj/Pois/Air  10%        N/A       45%         3
c - Olgreb's Toxic Radia  Pois           19%        N/A       45%         4

Your spell library contained the following spells:

 Spells                   Type           Power      Damage    Failure   Level
 Poisonous Vapours        Pois/Air       22%        N/A       22%         2


Dungeon Overview and Level Annotations

Branches:
Dungeon (10/15)            Temple (1/1) D:4
   Lair: D:8-11         Orc: D:9-12

Altars:
Ashenzari
Cheibriados
Dithmenos
Elyvilon
Fedhas
Gozag
Hepliaklqana
Kikubaaqudgha
Makhleb
Nemelex Xobeh
Okawaru
Ru
Sif Muna
Trog
Uskayaw
Vehumet
Wu Jian
Xom
Yredelemnul

Annotations:
D:3 3 runed translucent doors, donbex's ghost, amateur DjFE
D:8 Grum


Innate Abilities, Weirdness & Mutations

You cannot be hasted, slowed, berserked, paralysed or teleported.
You can dig through walls and to a lower floor.
You have a pair of large antennae on your head. (SInv)
Your four strong arms can wield two-handed weapons with a shield.


Message History

Found a shimmering altar of Xom.
Grum growls angrily.
The wolf howls!
The centaur warrior shouts!
You hear a howl!
A wolf comes into view. x2
The centaur warrior wields a +0 shortbow.
The centaur warrior shoots an arrow.
The arrow hits you!
The wolf howls!
There is a stone staircase leading up here.
The wolf misses you.
You climb upwards.
The water moccasin hisses angrily.
Found a pair of gloves.
There is a stone staircase leading down here.
Casting: Sting (safe; 12% risk of failure)
Confirm with . or Enter, or press ? or * to list all spells.
The spell is quite dangerous to miscast (45% risk of failure)!
Continue anyway?
You begin to radiate toxic energy.
The wolf is poisoned.
You block the wolf's attack. The wolf bites you!
* * * LOW HITPOINT WARNING * * *
You barely miss the water moccasin.
Your toxic aura wanes.
The wolf closely misses you. The water moccasin barely misses you.
The wolf bites you.
* * * LOW HITPOINT WARNING * * *
The water moccasin barely misses you. You block the wolf's attack.
You closely miss the wolf.
The wolf is lightly wounded.
You block the wolf's attack. You block the water moccasin's attack.
The wolf closely misses you. You block the water moccasin's attack.
You hit the wolf.
The wolf is moderately wounded.
The wolf closely misses you. The water moccasin closely misses you.
You block the wolf's attack. The water moccasin bites you.
* * * LOW HITPOINT WARNING * * *
You feel better. The wolf bites you.
* * * LOW HITPOINT WARNING * * *
The water moccasin bites you!
* * * LOW HITPOINT WARNING * * *
The wolf bites you!
You die...

#+ ## #[
.. #.
#.#.##
#....##
#..h@.#
#..S.##
#........
{
####.#.###
...#. ###
#. #. #.


You could see a water moccasin and a wolf (poisoned).

Vanquished Creatures
  A phantom (D:4)
  3 scorpions (D:4)
  An orc priest (D:4)
  2 iguanas (D:4)
  5 adders
  4 dart slugs
  6 orcs (D:4)
  5 bats
  3 endoplasms
  9 hobgoblins
  2 jackals (D:4)
  A quokka (D:2)
  6 ball pythons
  4 frilled lizards
  5 goblins
  3 kobolds
  6 rats
66 creatures vanquished.

Notes
Turn   | Place    | Note
-------+----------+-------------------------------------------
     0 | D:1      | IcyTea the Formicid Venom Mage began the quest for the Orb.
     0 | D:1      | Reached XP level 1. HP: 13/13 MP: 3/3
   368 | D:1      | Reached XP level 2. HP: 19/19 MP: 1/5
  1595 | D:2      | Found a hide-covered altar of Uskayaw.
  1725 | D:2      | Reached XP level 3. HP: 25/25 MP: 6/6
  1729 | D:2      | Learned a level 3 spell: Mephitic Cloud
  2054 | D:2      | Reached skill level 1 in Armour
  2054 | D:2      | Reached skill level 1 in Shields
  2280 | D:3      | Found a runed translucent gate.
  2281 | D:3      | Found a runed translucent gate.
  2282 | D:3      | Found a runed translucent gate.
  2282 | D:3      | Noticed donbex's ghost (amateur DjFE)
  2388 | D:3      | Reached skill level 1 in Fighting
  2903 | D:3      | Reached XP level 4. HP: 32/32 MP: 7/7
  3378 | D:3      | Found a faded altar of an unknown god.
  3766 | D:4      | Reached skill level 1 in Long Blades
  3788 | D:4      | Noticed a phantom
  3807 | D:4      | Killed a phantom
  3808 | D:4      | Reached skill level 1 in Conjurations
  3808 | D:4      | Reached XP level 5. HP: 20/37 MP: 1/9
  4183 | D:4      | Reached XP level 6. HP: 40/44 MP: 6/10
  4253 | D:4      | Reached skill level 5 in Poison Magic
  4451 | D:4      | Learned a level 4 spell: Olgreb's Toxic Radiance
  4625 | D:4      | Found a staircase to the Ecumenical Temple.
  4635 | D:4      | Reached XP level 7. HP: 44/50 MP: 7/11
  4640 | Temple   | Entered the Ecumenical Temple
  4696 | Temple   | Became a worshipper of the Wu Jian Council
  4758 | D:4      | HP: 2/50 [orc/+0 war axe (7)]
  6136 | D:4      | You fall into a shaft and drop 3 floors!
  6173 | D:7      | Noticed a hornet
  6181 | D:7      | You fall into a shaft and drop 3 floors!
  6181 | D:10     | Entered Level 10 of the Dungeon
  6184 | D:10     | Noticed a kobold demonologist
  6185 | D:10     | Noticed a kobold demonologist
  6190 | D:10     | Noticed an ice devil
  6213 | D:8      | Noticed Grum
  6214 | D:8      | Noticed a centaur warrior
  6215 | D:8      | Found a shimmering altar of Xom.
  6217 | D:7      | Noticed a water moccasin
  6222 | D:7      | Slain by a wolf

Illustrated notes

Levels and vault maps discovered:
D:1:      dpeg_arrival_lava_temple_mockup, layout_basic, bh_walls_and_bars
D:2:      layout_basic, basic_altar, serial_park_tiny_1, hangedman_decor_lopped,
          grunt_decor_junction
D:3:      layout_loops_ring, biasface_ghost_orc_armoury, serial_rivers,
          chequers_serial_rivers_room_a, chequers_serial_rivers_small_3,
          chequers_serial_rivers_small_b, chequers_serial_rivers_marsh,
          chequers_serial_rivers_small_3, nicolae_ecumenical_pavilion,
          minmay_checkerbox
D:4:      layout_layer_cave, temple_green
D:7:      layout_loops_corners, nicolae_qazlal_scattered_showers, serial_shops,
          shop, uniq_pikel
D:8:      layout_loops_ring, zin_scriptorium, hangedman_feature_mirror,
          uniq_grum
D:9:      layout_gridville, minmay_lair_entry_grove, blue_anna_alchemist
D:10:     layout_cave_pools
Temple:   hellmonk_temple_of_storms

Skill      XL: |  1  2  3  4  5  6  7 |
---------------+----------------------+-----
Armour         | 1 2 |  2.5
Shields        | 1 2 |  2.9
Dodging        | 2 |  2.0
Fighting       | 1 2 |  2.3
Long Blades    | 1 2 |  2.0
Stealth        | 3 |  3.9
Conjurations   | 1 |  1.8
Spellcasting   | 3 |  3.2
Poison Magic   | 5 |  5.2
Transmutations | |  1.1

Action                   |  1- 3 |  4- 6 |  7- 9 || total
-------------------------+-------+-------+-------++-------
Melee: Mace              |    77 |     9 |       ||    86
       Unarmed           |     1 |       |       ||     1
       Scimitar          |       |    39 |    35 ||    74
 Cast: Sting             |    33 |    31 |    10 ||    74
       Olgreb's Toxic Ra |       |       |     1 ||     1
Invok: Lunge             |       |       |     1 ||     1
 Abil: Shaft Self        |       |       |     1 ||     1
  Use: Scroll            |     6 |     1 |       ||     7
       Potion            |       |       |     2 ||     2
 Stab: Sleeping          |     6 |     1 |       ||     7
Armor: Robe              |    22 |    13 |     2 ||    37
Dodge: Dodged            |    55 |    35 |    23 ||   113
Block: Kite shield       |    40 |    44 |    33 ||   117
